 Dungeon Crawl Stone Soup version 0.28-a0-1130-gc51a68064b (webtiles) character file.

Game seed: 118325778142684550

102 ytrimaz the Insei (level 4, 0/29 HPs)
             Began as an Octopode Transmuter on Dec 13, 2021.
             Slain by Eustachio (8 damage)
             ... on level 4 of the Dungeon.
             The game lasted 00:05:44 (3774 turns).

ytrimaz the Insei (Octopode Transmuter)             Turns: 3774, Time: 00:05:44

Health: 0/29       AC:  2    Str:  9    XL:     4   Next: 78%
Magic:  3/8        EV: 19    Int: 17    God:
Gold:   1172       SH:  0    Dex: 17    Spells: 2/8 levels left

rFire   . . .      SeeInvis .     - Unarmed
rCold   . . .      Faith    .   (shield currently unavailable)
rNeg    . . .      Spirit   .   (helmet currently unavailable)
rPois   x          Reflect  .   (no amulet)
rElec   .          Harm     .   a - ring of wizardry
rCorr   .          Rampage  .   (no ring)
Will    .....                   (no ring)
Stlth   ++........              (no ring)
HPRegen 0.09/turn               (no ring)
MPRegen 0.11/turn               (no ring)
                                (no ring)
                                (no ring)

@: spider-form (expiring)
A: venomous fangs, almost no armour, (amphibious), 8 rings, tiny, (camouflage
1), (gelatinous body 1), (nimble swimmer 1), (tentacles)
a: End Transformation


You were on level 4 of the Dungeon.
You were a venomous arachnid creature.
You visited 1 branch of the dungeon, and saw 4 of its levels.

You collected 1172 gold pieces.

Inventory:

Jewellery
 a - a ring of wizardry (left front leg)
Potions
 b - a potion of might
 c - a potion of flight {unknown}
 d - 3 potions of curing
 e - a potion of degeneration {unknown}


   Skills:
 * Level 1.9 Fighting
 - Level 2.0 Dodging
 + Level 3.7 Unarmed Combat
 * Level 2.9 Spellcasting
 * Level 3.0 Transmutations


You had 2 spell levels left.
You knew the following spells:

 Your Spells              Type           Power      Damage    Failure   Level
a - Beastly Appendage     Tmut           24%        N/A       6%          1
b - Wereblood             Tmut           12%        N/A       9%          2
c - Spider Form           Tmut/Pois      7%         N/A       22%         3

Your spell library contained the following spells:

 Spells                   Type           Power      Damage    Failure   Level
 Ice Form                 Ice/Tmut       7%         N/A       52%         4
 Conjure Ball Lightning   Conj/Air       1%         3x3d6     100%        6
 Discord                  Hex            1%         N/A       100%        8
 Disjunction              Tloc           1%         N/A       100%        8


Dungeon Overview and Level Annotations

Branches:
Dungeon (4/15)
 Temple: D:4-7

Altars:
Fedhas

Annotations:
D:4 Eustachio


Innate Abilities, Weirdness & Mutations

You are a venomous arachnid creature.
You have poisonous fangs.
You are tiny and dextrous.
Your spellcasting is less reliable in this form.
Your armour is entirely melded.
You are incapable of wielding weapons or throwing items.
You cannot wear most types of armour.
((You are amphibious.))
You can wear up to eight rings at the same time.
((Your skin changes colour to match your surroundings (Stealth+).))
((Your rubbery body absorbs attacks. (AC +1, EV +1)))
((You are camouflaged near water. (Stealth+)))
((You have tentacles for arms and can constrict up to eight enemies at once.))


Message History

Eustachio is moderately wounded.
The bat completely misses you.
The river rat bites you but does no damage.
The rat barely misses you. The rat bites you.
Eustachio mumbles some strange words.
Unknown command.
You hit Eustachio.
Eustachio looks as sick as possible!
Eustachio is heavily wounded.
The bat barely misses you. The river rat closely misses you.
The rat barely misses you. The rat misses you. Eustachio completely misses you.
The quasit bites you.
The quasit claws you but does no damage.
The quasit misses you.
You hit Eustachio.
Eustachio looks as sick as possible!
Eustachio is severely wounded.
The bat closely misses you. The shadow imp completely misses you.
The river rat barely misses you. The rat barely misses you.
The quasit misses you. The quasit barely misses you.
The quasit closely misses you. The rat bites you. Eustachio misses you.
Unknown command.
You hit Eustachio.
Eustachio looks as sick as possible!
Eustachio is severely wounded.
The shadow imp completely misses you. The quasit completely misses you.
The quasit closely misses you. The quasit barely misses you.
The bat closely misses you. The river rat barely misses you.
The rat completely misses you. The rat closely misses you.
Eustachio misses you.
You barely miss the bat. The bat completely misses you. The quasit bites you.
The quasit closely misses you. The quasit completely misses you.
The shadow imp barely misses you. The river rat completely misses you.
The rat misses you. The rat bites you.
* * * LOW HITPOINT WARNING * * *
Eustachio casts a spell.
Unknown command.
Your transformation is almost over.
The shadow imp disappears in a puff of smoke!
The iron imp disappears in a puff of smoke!
The bat closely misses you. The river rat barely misses you.
Eustachio hits you with a +0 rapier!
You die...

#.# #.# ######
#)# #....# #.#
#....# #.#
#....# #.#
#....#####
#.###........#
#.....rr@5...+
#.#####rs5...#
### #§b5...#
+.........
#.........
#.........
#####.....
..... .....


You could see Eustachio (extremely poisoned), a quasit (summoned), a crimson imp
(summoned), a river rat (summoned), an ufetubus (summoned), a bat (summoned) and
2 rats.

Vanquished Creatures
  3 adders
  2 dart slugs
  4 orcs (D:3)
  10 bats
  4 endoplasms
  A giant cockroach (D:3)
  9 goblins
  9 hobgoblins
  3 jackals (D:3)
  2 quokkas (D:3)
  4 ball pythons
  2 frilled lizards
  4 kobolds
  7 rats
64 creatures vanquished.

Notes
Turn   | Place    | Note
-------+----------+-------------------------------------------
     0 | D:1      | ytrimaz the Octopode Transmuter began the quest for the
                  | Orb.
     0 | D:1      | Reached XP level 1. HP: 13/13 MP: 3/3
     4 | D:1      | Noticed a demonspawn zombie
    17 | D:1      | Noticed a demonspawn zombie
    19 | D:1      | Noticed a demonspawn zombie
   213 | D:1      | Found a faded altar of an unknown god.
   213 | D:1      | Noticed an eye of devastation
   227 | D:1      | Noticed a great orb of eyes
   227 | D:1      | Noticed an eye of devastation
   227 | D:1      | Noticed a great orb of eyes
   243 | D:1      | Reached XP level 2. HP: 13/18 MP: 3/5
   524 | D:1      | Learned a level 2 spell: Wereblood
  1109 | D:2      | Reached XP level 3. HP: 22/23 MP: 4/6
  1127 | D:2      | Learned a level 3 spell: Spider Form
  2282 | D:3      | Reached XP level 4. HP: 20/28 MP: 5/7
  3088 | D:3      | Identified a scroll of acquirement
  3088 | D:3      | Acquired 1026 gold pieces
  3513 | D:3      | Found a blossoming altar of Fedhas.
  3755 | D:4      | Noticed Eustachio
  3774 | D:4      | Slain by Eustachio

Illustrated notes

Levels and vault maps discovered:
D:1:      shiori_arrival_whats_in_store_for_you, layout_loops_ring,
          hellmonk_ecumenical_altar_watching_god
D:2:      layout_loops_corners, grunt_decor_arrowhead
D:3:      minmay_general_purpose_star, layout_basic, marbit_many_paths
D:4:      layout_basic, nicolae_zen_rock_garden, st_stairs_13, uniq_eustachio

Skill      XL: |  1  2  3  4 |
---------------+-------------+-----
Transmutations | 3 |  3.0
Fighting       | |  1.9
Dodging        | |  2.0
Unarmed Combat | |  3.7
Spellcasting   | |  2.9

Action                   |  1- 3 |  4- 6 || total
-------------------------+-------+-------++-------
Melee: Unarmed           |    75 |    73 ||   148
       Constrict         |    20 |    19 ||    39
       Punch             |     4 |     1 ||     5
       Tentacles         |    10 |     6 ||    16
       Kick              |     5 |     9 ||    14
 Cast: Beastly Appendage |    20 |    11 ||    31
       Wereblood         |     1 |     2 ||     3
       Spider Form       |     1 |     1 ||     2
  Use: Scroll            |     2 |     3 ||     5
 Stab: Sleeping          |     1 |     5 ||     6
Armor: Skin              |     9 |    15 ||    24
Dodge: Dodged            |    64 |    83 ||   147

Table legend: (Time is in decaauts)
 A = Elapsed time spent in this place.
 B = Non-inter-level travel time spent in this place.
 C = Inter-level travel time spent in this place.
 D = Time resting spent in this place.
 E = Time spent auto-exploring this place.
 F = Levels seen in this place.
 G = Mean time per level.
                   A        B        C        D        E       F      G
               +--------+--------+--------+--------+--------+-----+--------+
         Total |   3762 |   3691 |     71 |    156 |   3016 |   4 |  940.5 |
       Dungeon |   3762 |   3691 |     71 |    156 |   3016 |   4 |  940.5 |
               +--------+--------+--------+--------+--------+-----+--------+

Top non-repeatable levels by time:
     D:3: 1464 daAuts
     D:2: 1233 daAuts
     D:1: 1034 daAuts
     D:4: 30 daAuts
